 Dungeon Crawl Stone Soup version 0.28-a0-863-g8cecda6153 (webtiles) character file.

Game seed: 16393438249917841421

30 BinkBink the Chopper (level 3, -1/34 HPs)
             Began as a Deep Dwarf Berserker on Nov 20, 2021.
             Was a Follower of Trog.
             Slain by a quokka (2 damage)
             ... on level 3 of the Dungeon.
             The game lasted 00:01:14 (1039 turns).

BinkBink the Chopper (Deep Dwarf Berserker)         Turns: 1039, Time: 00:01:15

Health: -1/34      AC:  2    Str: 21    XL:     3   Next: 5%
Magic:  3/3        EV: 12    Int:  7    God:    Trog [*.....]
Gold:   54         SH:  0    Dex: 12    Spells: 2/2 levels left

rFire   . . .      SeeInvis .   a - +0 hand axe
rCold   . . .      Faith    .   (no shield)
rNeg    . . .      Spirit   .   b - +0 animal skin
rPois   .          Reflect  .   (no helmet)
rElec   .          Harm     .   (no cloak)
rCorr   .          Rampage  .   (no gloves)
Will    .....                   (no boots)
Stlth   +.........              (no amulet)
HPRegen 0.00/turn               (no ring)
MPRegen 0.08/turn               (no ring)

@: no status effects
A: damage resistance, heal wounds, sense surroundings 1, no regeneration
a: Heal Wounds, Renounce Religion, Berserk


You were on level 3 of the Dungeon.
You worshipped Trog.
Trog was aware of your devotion.
You visited 1 branch of the dungeon, and saw 3 of its levels.

You collected 54 gold pieces.

Inventory:

Hand Weapons
 a - a +0 hand axe (weapon)
Armour
 b - a +0 animal skin (worn)
Jewellery
 g - a +6 ring of intelligence
Scrolls
 c - a scroll of identify {unknown}
 d - 2 scrolls of magic mapping {unknown}
 f - 2 scrolls of teleportation {unknown}
Potions
 e - a potion of ambrosia {unknown}


   Skills:
 + Level 3.0 Fighting
 + Level 4.1 Axes
 + Level 2.3 Armour
 + Level 2.5 Dodging
 + Level 0.1 Stealth


You had 2 spell levels left.
You didn't know any spells.
Your spell library was empty.

Dungeon Overview and Level Annotations

Branches:
Dungeon (2/15)

Altars:


Innate Abilities, Weirdness & Mutations

You are resistant to damage.
You can heal yourself by infusing magical energy.
You passively map a small area around you.
You do not regenerate.


Message History

The endoplasm quivers.
The orc shouts!
An orc priest comes into view. It is wielding a +0 mace.
An orc comes into view. It is wielding a +0 flail.
A quokka comes into view.
An orc priest comes into view. It is wielding a +0 dagger.
The endoplasm barely misses you.
The orc priest shouts!
The orc shouts!
You slash the endoplasm!
You kill the endoplasm!
Trog accepts your kill.
You have reached level 3!
Your experience leads to an increase in your attributes!
Increase (S)trength, (I)ntelligence, or (D)exterity?
You feel stronger.
You completely miss the endoplasm. The endoplasm hits you.
You hit the endoplasm.
The endoplasm is almost dead.
An orc breaks down the door.
The endoplasm freezes you.
You are frozen.
You hit the endoplasm.
You kill the endoplasm!
Trog accepts your kill. The quokka barely misses you.
You barely miss the orc. You hit the quokka but do no damage.
The quokka misses you.
You hit the orc priest.
The orc priest is lightly wounded.
You hit the orc but do no damage. You hit the quokka. The orc misses you.
The quokka bites you.
The orc priest invokes the aid of Beogh against you.
Beogh smites you!
* * * LOW HITPOINT WARNING * * *
The orc misses you.
The orc priest invokes the aid of Beogh against you.
Beogh smites you!
* * * LOW HITPOINT WARNING * * *
The quokka bites you.
You die...

......... , ,
.........,,, ......... ,
..., ... ..8...8.##+##..,
... , .........#.##.#
######..# *
8...<...8..##.# #.. .....
...........##.# #.# #.#..
* , ..8..o8r....#.#
#.###.#..
......oo@.#.#.###.....>..
...#.#'##.#.#............
., #........###...#...#.#
, ##..##.### #.#####.#.#
*#.. #.#####.##......#
....*#.......##.##...# *
, <##.. ##########.##....
, #.......###..# * , , *
#.##......#...


You could see 2 orc priests, an orc and a quokka.

Vanquished Creatures
  A dart slug (D:1)
  A bat (D:1)
  7 endoplasms
  A giant cockroach (D:1)
  4 goblins
  3 hobgoblins (D:1)
  2 frilled lizards (D:1)
  2 kobolds (D:1)
  4 rats (D:1)
25 creatures vanquished.

Notes
Turn   | Place    | Note
-------+----------+-------------------------------------------
     0 | D:1      | BinkBink the Deep Dwarf Berserker began the quest for the
                  | Orb.
     0 | D:1      | Reached XP level 1. HP: 20/20 MP: 1/1
    79 | D:1      | Reached XP level 2. HP: 21/27 MP: 2/2
   402 | D:1      | Reached skill level 4 in Axes
   987 | D:2      | You fall into a shaft and drop 1 floor!
  1034 | D:3      | Reached XP level 3. HP: 22/34 MP: 3/3
  1039 | D:3      | HP: 1/34 [orc priest/divine providence (7)]
  1039 | D:3      | Slain by a quokka

Illustrated notes

Levels and vault maps discovered:
D:1:      dpeg_arrival_concentric_ovals, layout_basic, minmay_heptomino_d4
D:2:      layout_loops_ring, minmay_misc_feat_columns, corner_web_ring
D:3:      layout_basic, kennysheep_ying_yang,
          hellmonk_ecumenical_altar_dog_temple, serial_curves, eino_curves_04,
          eino_curves_04, eino_curves_01, grunt_ministairs_2, item_on_display_a

Skill      XL: |  1  2 |
---------------+-------+-----
Fighting       | 3 |  3.0
Axes           | 4 |  4.1
Armour         | |  2.3
Dodging        | |  2.5
Stealth        | |  0.1

Action                   || total
-------------------------++-------
Melee: Hand axe          ||    48
 Stab: Sleeping          ||     3
Armor: Animal skin       ||    10
Dodge: Dodged            ||    24

Table legend: (Time is in decaauts)
 A = Elapsed time spent in this place.
 B = Non-inter-level travel time spent in this place.
 C = Inter-level travel time spent in this place.
 D = Time resting spent in this place.
 E = Time spent auto-exploring this place.
 F = Levels seen in this place.
 G = Mean time per level.
                   A        B        C        D        E       F      G
               +--------+--------+--------+--------+--------+-----+--------+
         Total |   1043 |   1018 |     25 |      0 |    882 |   3 |  347.7 |
       Dungeon |   1043 |   1018 |     25 |      0 |    882 |   3 |  347.7 |
               +--------+--------+--------+--------+--------+-----+--------+

Top non-repeatable levels by time:
     D:1: 971 daAuts
     D:3: 52 daAuts
     D:2: 19 daAuts
